 Dungeon Crawl Stone Soup version 0.30-a0-121-gb27577e5d9 (webtiles) character file.

Game seed: 17212103173296757095

67 ragingrage the Sneak (level 4, -3/26 HPs)
             Began as a Kobold Brigand on Sept 14, 2022.
             Slain by an orc
             ... wielding a +0 mace
              (7 damage)
             ... on level 3 of the Dungeon.
             The game lasted 00:01:12 (1966 turns).

ragingrage the Sneak (Kobold Brigand)               Turns: 1966, Time: 00:01:12

Health: -3/26      AC:  3    Str:  8    XL:     4   Next: 38%
Magic:  4/4        EV: 14    Int: 12    God:
Gold:   114        SH:  0    Dex: 18    Spells: 3/3 levels left

rFire   . . .      SeeInvis .    a - +2 dagger
rCold   . . .      Faith    .    (no shield)
rNeg    . . .      Spirit   .    b - +0 robe
rPois   .          Reflect  .    (no helmet)
rElec   .          Harm     .    c - +0 cloak
rCorr   .          Rampage  .    (no gloves)
Will    .....                    (no boots)
Stlth   ++++......               (no amulet)
HPRegen 0.08/turn                (no ring)
MPRegen 0.09/turn                (no ring)

@: no status effects
A: small, no large weapons, nightstalker 3
a: no special abilities


You were on level 3 of the Dungeon.
You visited 1 branch of the dungeon, and saw 3 of its levels.

You collected 114 gold pieces.

Inventory:

Hand Weapons
 a - a +2 dagger (weapon)
 s - a +0 hand axe of venom
Missiles
 d - 9 poisoned darts
 e - 2 curare-tipped darts (quivered)
 f - 5 boomerangs
 m - 3 atropa-tipped darts
Armour
 b - a +0 robe (worn)
 c - a +0 cloak (worn)
Jewellery
 r - a ring of ice
Scrolls
 h - 6 scrolls of identify {unknown}
 i - a scroll of enchant armour {unknown}
 o - a scroll of silence {unknown}
 p - a scroll of teleportation {unknown}
 q - a scroll of enchant weapon {unknown}
 t - a scroll of amnesia {unknown}
 u - a scroll of brand weapon {unknown}
Potions
 g - a potion of curing
 j - a potion of cancellation {unknown}
 k - 2 potions of lignification {unknown}
 l - 2 potions of invisibility {unknown}
 n - a potion of heal wounds {unknown}


   Skills:
 - Level 2.1 Fighting
 * Level 4.1 Short Blades
 + Level 2.8 Throwing
 - Level 1.2 Dodging
 * Level 6.4 Stealth


You had 3 spell levels left.
You didn't know any spells.
Your spell library was empty.

Dungeon Overview and Level Annotations

Branches:
Dungeon (3/15)

Altars:


Innate Abilities, Weirdness & Mutations

You are small and have problems with some larger weapons.
You are completely attuned to the shadows.


Message History

You are too injured to fight recklessly!
You are too injured to fight recklessly!
You are too injured to fight recklessly!
You are too injured to fight recklessly!
You are too injured to fight recklessly!
You are too injured to fight recklessly!
You are too injured to fight recklessly!
You are too injured to fight recklessly!
You are too injured to fight recklessly!
Throw: 3 darts (curare)
Press: ? - help, Q - select action, (/) - cycle Shift-Dir - straight line, f - orc
Aim: an orc, wielding a +0 hand axe of venom (heavily wounded, 63% to hit)
You throw a curare-tipped dart. The curare-tipped dart hits the orc.
The orc is poisoned.
The orc convulses.
You kill the orc!
You feel very sick.
Okay, then.
It was a potion of curing.
You feel better.
An orc comes into view. It is wielding a +1 dagger of venom.
The orc barely misses you.
Unknown command.
You hit the orc.
The orc is heavily wounded.
The orc hits you with a +0 mace! The orc hits you but does no damage.
Things that are here:
a curare-tipped dart; a +0 hand axe of venom; an orc corpse You completely miss the orc.
The orc is heavily wounded.
You hit the orc.
You kill the orc!
The orc hits you with a +0 mace.
s - a +0 hand axe of venom The orc barely misses you.
You barely miss the orc. The orc hits you with a +0 mace.
* * * LOW HITPOINT WARNING * * *
You hit the orc.
The orc is heavily wounded.
The orc hits you with a +0 mace!
You die...

#########
..oo@)..####
..o##.......
####.##.#.###
....##.#.#
#..##.#.###
#...........
##.##.#.####
###.##.#.#
#......#.#


You could see 3 orcs.

Vanquished Creatures
  An adder (D:2)
  A dart slug (D:2)
  3 orcs (D:3)
  5 endoplasms (D:1)
  13 giant cockroaches
  4 goblins (D:1)
  A hobgoblin (D:1)
  3 kobolds
  2 quokkas (D:1)
  2 ball pythons
  3 bats (D:1)
  2 frilled lizards
  6 rats
46 creatures vanquished.

Notes
Turn   | Place    | Note
-------+----------+-------------------------------------------
     0 | D:1      | ragingrage the Kobold Brigand began the quest for the Orb.
     0 | D:1      | Reached XP level 1. HP: 12/12 MP: 1/1
   173 | D:1      | Reached XP level 2. HP: 17/17 MP: 2/2
   400 | D:1      | Reached XP level 3. HP: 16/21 MP: 3/3
  1264 | D:2      | Reached skill level 6 in Stealth
  1472 | D:2      | Reached XP level 4. HP: 26/26 MP: 4/4
  1966 | D:3      | Slain by an orc

Illustrated notes

Levels and vault maps discovered:
D:1:      scummos_arrival_forest, layout_basic, serial_bayou_pond_c,
          minmay_vboxes
D:2:      minmay_roachtagon, layout_rooms
D:3:      layout_loops_ring

Skill      XL: |  1  2  3  4 |
---------------+-------------+-----
Short Blades   | 3 4 |  4.1
Stealth        | 6 |  6.4
Fighting       | |  2.1
Throwing       | |  2.8
Dodging        | |  1.2

Action                   |  1- 3 |  4- 6 || total
-------------------------+-------+-------++-------
Melee: Dagger            |    78 |    26 ||   104
       Punch             |     1 |     2 ||     3
Throw: Dart              |       |     1 ||     1
  Use: Potion            |       |     1 ||     1
 Stab: Sleeping          |    19 |     3 ||    22
Armor: Robe              |     7 |     5 ||    12
Dodge: Dodged            |    30 |    12 ||    42

Table legend: (Time is in decaauts)
 A = Elapsed time spent in this place.
 B = Non-inter-level travel time spent in this place.
 C = Inter-level travel time spent in this place.
 D = Time resting spent in this place.
 E = Time spent auto-exploring this place.
 F = Levels seen in this place.
 G = Mean time per level.
                   A        B        C        D        E       F      G
               +--------+--------+--------+--------+--------+-----+--------+
         Total |   1947 |   1925 |     22 |     90 |   1573 |   3 |  649.0 |
       Dungeon |   1947 |   1925 |     22 |     90 |   1573 |   3 |  649.0 |
               +--------+--------+--------+--------+--------+-----+--------+

Top non-repeatable levels by time:
     D:1: 1188 daAuts
     D:2: 715 daAuts
     D:3: 44 daAuts
